 Dungeon Crawl Stone Soup version bcrawl-1.20.1-3-gdcb1fc31ed (webtiles) character file.

Game seed: 12242865368457970282

5 MisterOstroum the Digger (level 1, 0/14 HPs)
             Began as a Demigod Earth Elementalist on Feb 2, 2020.
             Slain by a jackal (1 damage)
             ... on level 1 of the Dungeon.
             The game lasted 00:00:23 (94 turns).

MisterOstroum the Digger (Demigod Earth Elementalist) Turns: 94, Time: 00:00:23

Health: 0/14       AC:  2    Str: 12    XL:     1   Next: 66%
Magic:  0/5        EV: 12    Int: 19    God:    Demigod [......]
Gold:   0          SH:  0    Dex: 17    Spells: 2/3 levels left

rFire    . . .     SeeInvis .   (no weapon)
rCold    . . .     Gourm    .   (no shield)
rNeg     . . .     Faith    .   c - +0 robe
rPois    .         Spirit   .   (no helmet)
rElec    .         Reflect  .   (no cloak)
rCorr    .         Harm     .   (no gloves)
MR       .....                  (no boots)
Stlth    ++........             (no amulet)
HPRegen  0.04/turn              (no ring)
MPRegen  0.09/turn              (no ring)

@: no status effects
A: high mp 1
a: no special abilities


You were on level 1 of the Dungeon.
You worshipped Demigod.
Demigod was noncommittal.
You were not hungry.

You visited 1 branch of the dungeon, and saw 1 of its levels.

Inventory:

Missiles
 a - 323 sling bullets
 b - 230 stones (quivered)
Armour
 c - a +0 robe (worn)
Comestibles
 e - a ration {!d}


   Skills:
 - Level 1.7 Dodging
 - Level 2.0 Stealth
 + Level 1.9 Spellcasting
   Level 0.8 Transmutations
 * Level 3.0 Earth Magic


You had 2 spell levels left.
You knew the following spells:

 Your Spells              Type           Power        Failure   Level  Hunger
a - Sandblast             Erth           ##....       4%          1    #......

Your spell library contained the following spells:

 Spells                   Type           Power        Failure   Level  Hunger
 Passwall                 Tmut/Erth      #.......     12%         2    ###....
 Stone Arrow              Conj/Erth      #.....       28%         3    ###....
 Petrify                  Tmut/Erth      #.......     61%         4    #####..
 Lee's Rapid Deconstruct  Erth           ##........   80%         5    ######.


Dungeon Overview and Level Annotations

Branches:
Dungeon (1/12)


Innate Abilities, Weirdness & Mutations

You have an increased reservoir of magic. (+10% MP)


Message History

A jackal is nearby!
A jackal comes into view.
Casting: Sandblast (safe; 5% risk of failure)
Confirm with . or Enter, or press ? or * to list all spells.
Aiming: Sandblast (safe; 5% risk of failure)
Press: ? - help, Shift-Dir - straight line, f - jackal
Aim: a jackal (resting)
The blast of sand hits the jackal.
The jackal is severely wounded.
The jackal barks!
b - 280 stones You hear a bark!
Casting: Sandblast (safe; 5% risk of failure)
Confirm with . or Enter, or press ? or * to list all spells.
You can't see any susceptible monsters within range! (Use Z to cast anyway.)
The jackal bites you.
You hit the jackal.
The jackal is heavily wounded.
The jackal bites you.
Casting: Sandblast (safe; 5% risk of failure)
Confirm with . or Enter, or press ? or * to list all spells.
Aiming: Sandblast (safe; 5% risk of failure)
Press: ? - help, Shift-Dir - straight line, f/p - jackal
Aim: a jackal (heavily wounded)
The blast of sand hits the jackal.
You kill the jackal!
Your kill strengthens your divinity.
b - 270 stones You hear a bark! x3
Casting: Sandblast (safe; 5% risk of failure)
Confirm with . or Enter, or press ? or * to list all spells.
Aiming: Sandblast (safe; 5% risk of failure)
Press: ? - help, Shift-Dir - straight line, f - jackal
Aim: a jackal The blast of sand hits the jackal.
The jackal is moderately wounded.
b - 260 stones The jackal misses you.
Casting: Sandblast (safe; 5% risk of failure)
Confirm with . or Enter, or press ? or * to list all spells.
Aiming: Sandblast (safe; 5% risk of failure)
Press: ? - help, Shift-Dir - straight line, f/p - jackal
Aim: a jackal (moderately wounded)
The blast of sand hits the jackal.
You kill the jackal!
Your kill strengthens your divinity.
b - 250 stones A jackal comes into view.
A jackal is nearby!
You barely miss the jackal.
A jackal comes into view.
The jackal bites you.
The jackal barks!
You hit the jackal but do no damage.
The jackal bites you but does no damage.
The jackal closely misses you. x2
Casting: Sandblast (safe; 5% risk of failure)
Confirm with . or Enter, or press ? or * to list all spells.
Aiming: Sandblast (safe; 5% risk of failure)
Press: ? - help, Shift-Dir - straight line, f - jackal
Aim: a jackal The blast of sand hits the jackal.
The jackal is lightly wounded.
b - 240 stones The jackal bites you. x2
The jackal bites you.
* * * LOW HITPOINT WARNING * * *
The jackal bites you but does no damage.
You are too injured to fight recklessly!
You barely miss the jackal.
The jackal is lightly wounded.
The jackal closely misses you.
Casting: Sandblast (safe; 5% risk of failure)
Confirm with . or Enter, or press ? or * to list all spells.
Aiming: Sandblast (safe; 5% risk of failure)
Press: ? - help, Shift-Dir - straight line, f/p - jackal
Aim: a jackal (lightly wounded)
The blast of sand misses the jackal.
The blast of sand hits the jackal.
You kill the jackal!
Your kill strengthens your divinity.
Your Earth Magic skill increases to level 3!
b - 230 stones The jackal barely misses you.
The jackal bites you.
* * * LOW HITPOINT WARNING * * *
You hit the jackal but do no damage. The jackal bites you.
* * * LOW HITPOINT WARNING * * *
You hit the jackal.
The jackal is lightly wounded.
The jackal closely misses you.
You closely miss the jackal.
The jackal is lightly wounded.
The jackal misses you. x2
You hit the jackal but do no damage.
The jackal is lightly wounded.
The jackal closely misses you.
You miss the jackal.
The jackal is lightly wounded.
The jackal barely misses you. The jackal bites you.
You die...
Your divinity fades.

#########
#.......#############
#.####...............
#........##.###.#####
#..###..###.###.# #
#..#.........##.#####
#..#.#..###..##.#....
#..#.################
#..#@#≈§≈≈≈≈≈§§≈§≈≈≈≈
#..#h#≈≈≈§§....§§≈≈§≈
#..#.#≈≈....≈≈≈.§§.≈≈
#.h.##≈...≈≈≈.≈≈≈§§.≈
##†#†#≈..≈≈..<.≈≈≈...
#...#≈.§.≈≈≈.≈≈≈...§
#...#≈≈.^..≈≈≈.§.§§≈
##..#≈≈§≈≈.....§§≈§§
..#≈≈≈≈≈≈≈≈≈≈§§§≈≈


You could see a jackal.

Vanquished Creatures
  A goblin (D:1)
  3 jackals (D:1)
4 creatures vanquished.

Notes
Turn   | Place    | Note
-------+----------+-------------------------------------------
     0 | D:1      | MisterOstroum the Demigod Earth Elementalist began the
                  | quest for the Orb.
     0 | D:1      | Reached XP level 1. HP: 14/14 MP: 5/5
    89 | D:1      | Reached skill level 3 in Earth Magic
    94 | D:1      | Slain by a jackal

Skill      XL: |  1 |
---------------+----+-----
Earth Magic    | 3 |  3.0
Dodging        | |  1.7
Stealth        | |  2.0
Spellcasting   | |  1.9
Transmutations | |  0.8

Action                   || total
-------------------------++-------
Melee: Unarmed           ||     9
 Cast: Sandblast         ||     7
Armor: Robe              ||     2
Dodge: Dodged            ||    10
